Map: Ulrena

Players

AcerBly (Bly)

  • Race: Zerg Zerg
  • League: Grandmaster

БольшойБОСС - Winner!

  • Race: Terran Terran
  • League: Grandmaster

Event: Gauntlet LotV Series 1 Qualifier 2

VOD

Have the link to the VOD?

Description

Time

  • Played on: Dec. 5, 2015, 5:10 p.m.
  • Length: 10:26

All games in this series

Show
View Real Time Build Order
Export as new Build Order

AcerBly Zerg 

Build Orders: Hatch First 

Get SALT Encoding   

  12  0:00  Drone  
  13  0:09  Drone  
  14  0:17  Overlord  
  14  0:25  Drone, Extractor  
  15  0:35  Drone x2  
  17  0:52  Hatchery  
  16  0:59  Drone  
  16  1:01  Extractor  
  16  1:12  Spawning Pool  
  16  1:15  Drone  
  16  1:18  Drone  
  17  1:21  Drone  
  18  1:28  Drone  
  19  1:37  Overlord  
  19  1:58  Queen  
  19  2:00  Zergling x4  
  23  2:04  Roach Warren  
  23  2:05  Zergling x2  
  23  2:14  Queen  
  25  2:28  Drone x2  
  27  2:46  Roach x3  
  33  2:57  Roach  
  35  2:59  Overlord  
  35  3:12  Drone  
  36  3:18  Drone x3  
  39  3:34  Ravager x3  
  41  3:35  Drone x2  
  41  3:37  Overlord  
  44  3:47  Overlord  
  44  3:55  Queen  
  45  4:04  Drone x6  
  48  4:28  Drone x4  
  48  4:31  Overlord  
  52  4:38  Extractor  
  51  4:39  Lair  
  51  4:40  Overlord, Extractor  
  50  4:46  Hatchery  
  50  4:47  Drone x2  
  50  4:52  Overlord  
  51  4:57  Metabolic Boost  
  51  5:10  Roach x4  
  59  5:19  Drone x8  
  67  5:33  Drone x2  
  67  5:35  Drone  
  70  5:36  Drone x2  
  70  5:38  Glial Reconstitution  
  70  5:40  Overlord, Extractor  
  71  6:03  Drone x3  
  75  6:04  Roach x4  
  75  6:07  Overlord  
  75  6:08  Ravager x2  
  75  6:09  Overlord, Ravager  
  82  6:19  Evolution Chamber  
  82  6:21  Evolution Chamber  
  73  6:26  Drone x4  
  73  6:27  Drone x4  
  73  6:32  Overlord  
  81  6:37  Overlord  
  81  6:38  Overseer  
  81  6:48  Roach x6  
  81  6:51  Zerg Missile Weapons Level 1, Zerg Ground Armor Level 1  
  81  6:52  Queen  
  95  6:55  Roach x3  
  100  7:05  Roach x4  
  100  7:06  Queen  
  100  7:07  Overlord  
  104  7:24  Roach x7  
  104  7:29  Overlord  
  114  7:39  Burrow  
  114  7:41  Extractor  
  113  7:45  Drone x2  
  113  7:46  Drone x4  
  119  7:53  Roach  
  119  7:54  Roach x3  
  119  7:58  Drone, Extractor  
  127  8:06  Drone x2  
  127  8:10  Hatchery  
  128  8:13  Roach  
  128  8:14  Overlord x2, Roach x3  
  128  8:15  Overlord x2  
  136  8:38  Ravager x4  
  136  8:39  Ravager  
  136  8:40  Ravager x2  
  147  8:41  Roach x4  
  147  8:42  Roach x2  
  155  8:55  Roach x7  
  137  9:22  Roach  
  137  9:23  Roach x10  
  116  9:28  Roach x3  
  116  9:29  Roach  
  101  9:39  Roach x3  
  101  9:42  Ravager x2  
  101  9:43  Ravager x3  
  100  9:48  Roach  
  100  9:49  Roach x3  
  87  10:05  Roach x8  
Show
View Real Time Build Order
Export as new Build Order

БольшойБОСС Terran - Winner!

Build Orders: Reaper Expand, Bio Tank 

Get SALT Encoding   

  12  0:00  SCV  
  13  0:12  SCV  
  14  0:18  Supply Depot  
  14  0:24  SCV  
  15  0:39  SCV  
  15  0:40  Barracks  
  16  0:46  Refinery  
  16  0:51  SCV  
  17  1:03  SCV  
  18  1:17  SCV  
  19  1:29  Orbital Command  
  19  1:30  Reaper  
  20  1:41  Command Center  
  20  1:51  Supply Depot  
  20  1:54  SCV  
  20  1:58  Refinery  
  21  2:01  Marine  
  21  2:07  SCV  
  23  2:15  Factory  
  23  2:19  SCV  
  24  2:27  Barracks Reactor  
  24  2:31  SCV  
  25  2:43  SCV  
  26  2:54  Orbital Command  
  26  2:55  SCV  
  27  2:59  Factory Tech Lab  
  27  3:00  Starport  
  27  3:04  Marine x2  
  29  3:07  SCV  
  29  3:11  Supply Depot  
  30  3:17  Bunker  
  30  3:20  Siege Tank  
  30  3:23  Marine x2  
  34  3:38  Supply Depot, Medivac  
  36  3:41  Marine  
  36  3:47  Marine  
  38  3:50  Orbital Command  
  38  3:52  Siege Tank  
  41  3:58  Supply Depot  
  37  4:04  SCV, Marine  
  39  4:16  SCV  
  39  4:19  SCV  
  39  4:22  Marine  
  40  4:29  SCV  
  40  4:30  Siege Tank  
  45  4:42  Orbital Command  
  45  4:43  SCV  
  45  4:53  Barracks Reactor  
  45  4:55  SCV  
  45  4:56  Medivac  
  45  4:57  Barracks  
  45  4:58  Barracks  
  48  5:08  SCV  
  48  5:09  SCV  
  48  5:12  Supply Depot  
  50  5:20  Supply Depot, SCV  
  50  5:21  Siege Tank  
  54  5:32  Starport Reactor  
  54  5:33  SCV x2, Marine x2  
  58  5:41  Supply Depot  
  58  5:45  SCV x2  
  58  5:46  Barracks Tech Lab x2  
  60  5:51  Marine  
  61  5:58  SCV x2  
  61  5:59  Marine  
  64  6:07  Stimpack, Marine  
  64  6:09  Refinery, Marine  
  64  6:10  SCV x2, Refinery, Marine  
  69  6:12  Supply Depot  
  69  6:17  Marine  
  70  6:22  SCV x2  
  70  6:25  Marine  
  73  6:26  Siege Tank, Marine  
  73  6:28  Marine  
  73  6:30  Barracks x2  
  78  6:34  SCV x2  
  78  6:35  Marine  
  81  6:44  Marine  
  81  6:45  Medivac  
  81  6:46  SCV  
  85  6:48  SCV  
  85  6:49  Combat Shields  
  85  6:51  Engineering Bay  
  85  6:53  Supply Depot x2  
  86  6:57  Supply Depot  
  86  7:15  Siege Tank, Marine  
  92  7:17  Terran Infantry Weapons Level 1  
  92  7:18  Marine  
  92  7:20  Marine  
  92  7:21  SCV  
  95  7:23  Medivac, Marine  
  95  7:26  Marine  
  98  7:33  Medivac  
  98  7:34  Marine  
  101  7:40  Supply Depot, Marine  
  101  7:41  Barracks Reactor  
  102  7:50  Marine x2  
  102  7:51  Siege Tank  
  107  7:52  Barracks Reactor, Marine  
  107  7:57  Supply Depot  
  107  8:02  Supply Depot  
  107  8:07  Medivac  
  107  8:08  Supply Depot  
  107  8:11  Marine x2  
  107  8:12  Medivac  
  115  8:15  Marauder  
  115  8:18  Marine x2, Marauder  
  119  8:28  Marine  
  119  8:29  Marine  
  119  8:31  Marine  
  119  8:33  Concussive Shells  
  122  8:36  Marine x2  
  122  8:37  Marauder  
  122  8:39  Marauder  
  128  8:48  Marine  
  129  8:50  Marine x2  
  129  8:52  Siege Tank  
  134  8:58  Marauder  
  134  9:01  Marauder  
  138  9:05  Marine  
  137  9:12  Marine  
  123  9:18  Marine x2  
  123  9:19  Marauder  
  123  9:20  Marine  
  123  9:22  Marauder  
  110  9:25  Marine  
  110  9:26  Siege Tank  
  110  9:27  Marine, Medivac  
  110  9:30  Marine  
  116  9:36  Medivac, Marine x2  
  116  9:38  SCV  
  121  9:41  Marine, Marauder  
  121  9:43  Marauder  
  121  9:44  Marine  
  127  9:51  Marine  
  126  10:02  Marauder  
  126  10:05  Command Center, Marauder, Marine x2  
Tags
 
Add a new tag
Caveats
  • Supply blocks, unpowered buildings, or Contaminate may cause inaccurate times.
  • Supply counts are checked every 10 seconds.